 Dungeon Crawl Stone Soup version 0.29.1-12-g30fa7ad0bf (webtiles) character file.

Game seed: 5876632246572600907

2833 xian the Cleaver (level 9, -1/112 HPs)
             Began as a Green Draconian Berserker on Dec 13, 2022.
             Was a Priest of Trog.
             Slain by Erica
             ... wielding a +1 scimitar of flaming
              (2 damage)
             ... on level 8 of the Dungeon on Dec 14, 2022.
             The game lasted 00:16:45 (6055 turns).

xian the Cleaver (Green Draconian Berserker)        Turns: 6055, Time: 00:16:46

Health: -1/112     AC:  5    Str: 25    XL:     9   Next: 45%
Magic:  9/9        EV: 13    Int:  7    God:    Trog [***...]
Gold:   6          SH:  9    Dex: 14    Spells: 8/8 levels left

rFire   . . .      SeeInvis .   e - +1 hand axe (elec)
rCold   + + .      Faith    .   j - +0 kite shield
rNeg    . . .      Spirit   .   (body armour unavailable)
rPois   +          Reflect  .   (helmet restricted)
rElec   +          Harm     .   a - +0 cloak
rCorr   +          Rampage  .   (no gloves)
Will    +++..                   i - +0 pair of boots
Stlth   ..........              (no amulet)
HPRegen 1.28/turn               m - ring of Past Mistakes {rElec rC+ Will+ rCorr Str+2 Dex+2}
MPRegen 0.11/turn               A - ring of protection from cold

@: berserking (expiring), strong-willed, corroded, regenerating, very quick
A: breathe noxious fumes, AC +7, unfitting armour, poison resistance,
cold-blooded
a: Breathe Noxious Fumes, Renounce Religion, Berserk, Trog's Hand


You were on level 8 of the Dungeon.
You worshipped Trog.
Trog was most pleased with you.
You visited 1 branch of the dungeon, and saw 8 of its levels.

You collected 347 gold pieces.
You spent 341 gold pieces at shops.

Inventory:

Hand Weapons
 e - a +1 hand axe of electrocution (weapon)
Missiles
 f - 6 poisoned darts (quivered)
 k - 2 boomerangs
Armour
 a - a +0 cloak (worn)
 i - a +0 pair of boots (worn)
 j - a +0 kite shield (worn)
Jewellery
 m - the ring of Past Mistakes (left hand) {rElec rC+ Will+ rCorr Str+2 Dex+2}
   (You found it on level 3 of the Dungeon)

   [ring of willpower]

   Str:       It affects your strength (+2).
   Dex:       It affects your dexterity (+2).
   rC:        It protects you from cold.
   rElec:     It insulates you from electricity.
   rCorr:     It protects you from acid and corrosion.
   Will:      It increases your willpower.
 A - a ring of protection from cold (right hand)
Wands
 x - a wand of digging (4)
Scrolls
 c - 2 scrolls of blinking {unknown}
 d - 3 scrolls of poison {unknown}
 h - 3 scrolls of brand weapon
 l - 3 scrolls of fear {unknown}
 p - 2 scrolls of magic mapping {unknown}
 q - 2 scrolls of fog
 t - a scroll of teleportation
 v - a scroll of enchant weapon
Potions
 b - 2 potions of mutation {unknown}
 g - a potion of might {unknown}
 n - a potion of ambrosia {unknown}
 o - a potion of haste {unknown}
 r - a potion of flight {unknown}
 s - 8 potions of curing {unknown}
 u - a potion of magic
 w - 3 potions of degeneration {unknown}
 z - a potion of lignification {unknown}


   Skills:
 + Level 6.1 Fighting
 + Level 8.7 Axes
 + Level 1.1 Throwing
 + Level 6.5 Dodging
 + Level 3.2 Stealth
 + Level 4.9 Shields


You had 8 spell levels left.
You didn't know any spells.
Your spell library contained the following spells:

 Spells                   Type           Power      Damage    Failure   Level
 Dazzling Flash           Conj/Hex       0%         N/A       98%         3
 Gell's Gravitas          Tloc           0%         N/A       98%         3
 Ignite Poison            Fire/Tmut/Pois 0%         N/A       98%         3
 Lesser Beckoning         Tloc           0%         N/A       98%         3
 Mephitic Cloud           Conj/Pois/Air  0%         N/A       98%         3
 Portal Projectile        Hex/Tloc       0%         N/A       98%         3
 Teleport Other           Tloc           0%         N/A       98%         3
 Tukima's Dance           Hex            0%         N/A       98%         3
 Anguish                  Hex/Necr       0%         N/A       100%        4
 Agony                    Necr           0%         N/A       100%        5
 Blade Hands              Tmut           0%         N/A       100%        5
 Freezing Cloud           Conj/Ice/Air   0%         6-21      100%        5
 Silence                  Hex/Air        0%         N/A       100%        5
 Enfeeble                 Hex            0%         N/A       100%        7


Dungeon Overview and Level Annotations

Branches:
Dungeon (8/15)             Temple (0/1) D:7
   Lair: D:8-11

Altars:
Hepliaklqana
Trog

Shops:
D:8 ?*

Annotations:
D:8 Erica


Innate Abilities, Weirdness & Mutations

You can breathe blasts of noxious fumes.
Your lurid green scales are hard. (AC +7)
You cannot fit into any form of body armour.
Your system is resistant to poisons. (rPois)
You are cold-blooded and may be slowed by cold attacks.


Message History

You slash the acid dragon!
Lightning courses through the acid dragon!
You kill the acid dragon!
Trog accepts your kill.
You closely miss the ogre. You barely miss the howler monkey.
The gnoll closely misses you.
The ogre hits you with a +0 giant spiked club!!
You barely miss the howler monkey.
The howler monkey is moderately wounded.
You barely miss the ogre.
Erica seems less confused.
The howler monkey hits you!
You hit the howler monkey. You tail-slap the howler monkey.
The howler monkey is severely wounded.
You hit Erica. Lightning courses through Erica!
You hit the ogre but do no damage.
The howler monkey hoots and howls with incredible vigour!
The gnoll closely misses you.
Erica hits you with a +1 scimitar of flaming!
Erica burns you.
* * * LOW HITPOINT WARNING * * *
You hear a roar!
You hear a shout! x3
You slash the howler monkey!
You kill the howler monkey!
Trog accepts your kill.
You hit Erica. Lightning courses through Erica! You barely miss the ogre.
You block the ogre's attack.
Erica hits you with a +1 scimitar of flaming.
* * * LOW HITPOINT WARNING * * *
Erica burns you.
* * * LOW HITPOINT WARNING * * *
You block the gnoll's attack.
You slash the gnoll!
The gnoll is severely wounded.
You hit Erica. You closely miss the ogre.
The ogre hits you with a +0 giant spiked club!!
* * * LOW HITPOINT WARNING * * *
Erica hits you with a +1 scimitar of flaming.
* * * LOW HITPOINT WARNING * * *
Erica burns you.
You die...

>.##...###
#....# #.##.###
#..... #.#..#
#..... #.#.##
.♣.... #.#.#
...... #...# .
...#
###.######..
..###...†.......
......g@........
≈~~~...@O~~~~≈~~
≈≈≈~....~≈≈≈~≈≈≈
~~~~....~~~~~~~≈
.!..............
####++++########


You could see Erica, an ogre and a gnoll.

Vanquished Creatures
  A wyvern (D:5)
  Menkaure (D:4)
  An acid dragon (D:8)
  4 water moccasins
  2 sky beasts
  3 ice beasts
  2 orc warriors
  A black bear (D:7)
  An ogre (D:4)
  A centaur (D:5)
  A bullfrog (D:6)
  2 scorpions (D:6)
  Blork the orc (D:4)
  3 wights (D:6)
  6 howler monkeys
  4 hounds
  A jelly (D:6)
  An orc priest (D:6)
  An iguana (D:7)
  3 orc wizards
  Natasha (thrice) (D:4)
  6 adders
  A white imp (D:6)
  2 ufetubi (D:5)
  2 worms (D:2)
  A dart slug (D:1)
  19 orcs
  3 ball pythons
  3 bats
  6 endoplasms
  2 giant cockroaches (D:1)
  13 goblins
  4 hobgoblins
  5 quokkas
  A frilled lizard (D:1)
  8 kobolds
  4 rats
123 creatures vanquished.

Notes
Turn   | Place    | Note
-------+----------+-------------------------------------------
     0 | D:1      | xian the Draconian Berserker began the quest for the Orb.
     0 | D:1      | Reached XP level 1. HP: 19/19 MP: 1/1
   257 | D:1      | Reached XP level 2. HP: 25/26 MP: 2/2
   586 | D:1      | Reached XP level 3. HP: 18/33 MP: 3/3
  1114 | D:2      | Reached ** piety under Trog
  1393 | D:2      | Found a faded altar of an unknown god.
  1761 | D:3      | Reached XP level 4. HP: 33/40 MP: 4/4
  1762 | D:3      | Found a hazy altar of Hepliaklqana.
  1762 | D:3      | Found a bloodstained altar of Trog.
  1782 | D:3      | Reached skill level 4 in Axes
  1786 | D:3      | Identified the ring of Past Mistakes {rElec rC+ Will+ rCorr
                  | Str+2 Dex+2}
  2486 | D:4      | Noticed Natasha
  2489 | D:4      | Noticed an ogre
  2495 | D:4      | Killed Natasha
  2497 | D:4      | Killed an ogre
  2498 | D:4      | Reached skill level 1 in Shields
  2498 | D:4      | Reached XP level 5. HP: 46/46 MP: 5/5
  2696 | D:4      | Noticed Natasha
  2704 | D:4      | Killed Natasha
  2705 | D:4      | Reached skill level 1 in Stealth
  2763 | D:4      | Noticed Menkaure
  2770 | D:4      | Killed Menkaure
  2771 | D:4      | Reached skill level 5 in Axes
  2771 | D:4      | Reached XP level 6. HP: 53/53 MP: 6/6
  2772 | D:4      | Noticed Natasha
  2780 | D:4      | Killed Natasha
  3011 | D:4      | Noticed Blork the orc
  3019 | D:4      | Killed Blork the orc
  3714 | D:5      | Entered Level 5 of the Dungeon
  3714 | D:5      | Noticed a water moccasin
  3719 | D:5      | Your scales start taking on a lurid green colour.
  3719 | D:5      | Reached XP level 7. HP: 51/60 MP: 7/7
  3719 | D:5      | Gained mutation: Your system is resistant to poisons.
                  | (rPois) [Green Draconian growth]
  3731 | D:5      | Reached skill level 1 in Throwing
  4009 | D:5      | Reached skill level 6 in Axes
  4093 | D:5      | Noticed a wyvern
  4108 | D:5      | Killed a wyvern
  4109 | D:5      | Reached skill level 5 in Fighting
  4604 | D:6      | Reached skill level 5 in Dodging
  4606 | D:6      | Reached XP level 8. HP: 68/68 MP: 8/8
  4711 | D:6      | Reached skill level 7 in Axes
  5023 | D:6      | Reached *** piety under Trog
  5125 | D:7      | Found a staircase to the Ecumenical Temple.
  5335 | D:7      | Reached skill level 8 in Axes
  5335 | D:7      | Reached XP level 9. HP: 75/75 MP: 9/9
  5367 | D:7      | Identified the +1 leather armour "Qidec" {Rampage rF+ rN+}
  5838 | D:8      | Found Nico's Assorted Antiques.
  5870 | D:8      | Found Lehehar's Magic Scroll Shop.
  5871 | D:8      | Bought a scroll labelled PEOWOZE HUEHE for 27 gold pieces
  5871 | D:8      | Bought a small copper ring for 135 gold pieces
  5871 | D:8      | Bought a blackened bronze ring for 135 gold pieces
  5900 | D:8      | Bought a scroll of identify for 22 gold pieces
  5900 | D:8      | Bought a scroll of identify for 22 gold pieces
  6036 | D:8      | Noticed Erica
  6055 | D:8      | HP: 5/112 [ogre/+0 giant spiked club (25)]
  6055 | D:8      | HP: 1/112 [Erica/+1 scimitar of flaming (4)]
  6055 | D:8      | Slain by Erica

Illustrated notes

Levels and vault maps discovered:
D:1:      amcnicky_arrival_blooded_trapdoor, layout_rooms,
          chequers_serial_rivers_marsh
D:2:      layout_rooms, basic_ecumenical_altar
D:3:      layout_basic, grunt_temple_overflow_open
D:4:      layout_layer_cave, uniq_natasha, uniq_blork_the_orc, uniq_menkaure
D:5:      layout_basic, corexii_checkpoint_a
D:6:      layout_rooms, st_stairs_7
D:7:      layout_basic, minmay_temple_entry_wispy, kennysheep_generic_room_15
D:8:      lemuel_castle_with_subvaults [lemuel_castle_interior_original],
          layout_rooms, serial_shops, shop, shop, shop, nicolae_lakefront_shop,
          nicolae_shop_trees, uniq_maggie, uniq_erica

Skill      XL: |  1  2  3  4  5  6  7  8  9 |
---------------+----------------------------+-----
Dodging        | 3 4 5 6 |  6.5
Axes           | 4 5 6 8 |  8.7
Fighting       | 4 5 6 |  6.1
Shields        | 1 2 3 4 |  4.9
Stealth        | 1 2 3 |  3.2
Throwing       | 1 |  1.1

Action                   |  1- 3 |  4- 6 |  7- 9 || total
-------------------------+-------+-------+-------++-------
Melee: Hand axe          |   152 |    66 |   180 ||   398
       Tailslap          |    19 |     8 |    26 ||    53
       Punch             |     1 |       |       ||     1
Throw: Dart              |     1 |     5 |       ||     6
Invok: Berserk           |       |     4 |     7 ||    11
       Trog's Hand       |       |     1 |     1 ||     2
 Abil: Breathe Noxious F |       |       |    10 ||    10
  Use: Scroll            |       |     5 |     4 ||     9
 Stab: Sleeping          |     1 |     1 |       ||     2
       Confused          |       |       |     4 ||     4
Armor: Skin              |    61 |    19 |    62 ||   142
Dodge: Dodged            |   109 |    29 |    91 ||   229
Block: Kite shield       |    17 |    30 |    76 ||   123
